 Dungeon Crawl Stone Soup version 0.28-a0-1435-g82390b3a13 (webtiles) character file.

Game seed: 3646972545061318331

3567 oldriver the Warrior (level 10, -1/105 HPs)
             Began as a Ghoul Chaos Knight on Jan 10, 2022.
             Was a Plaything of Xom.
             Shot with an arrow by a centaur (10 damage)
             ... on level 5 of the Dungeon.
             The game lasted 00:05:55 (4593 turns).

oldriver the Warrior (Ghoul Chaos Knight)           Turns: 4593, Time: 00:05:55

Health: -1/105     AC: 11    Str: 21    XL:     10   Next: 9%
Magic:  9/9        EV: 14    Int:  7    God:    Xom [.....*]
Gold:   233        SH:  0    Dex:  8    Spells: 9/9 levels left

rFire   . . .      SeeInvis .   a - +2 dagger (vorpal)
rCold   + . .      Faith    .   (no shield)
rNeg    + + +      Spirit   .   h - +3 ring mail
rPois   ∞          Reflect  .   (no helmet)
rElec   .          Harm     .   (no cloak)
rCorr   .          Rampage  .   (no gloves)
Will    .....                   r - +2 pair of boots
Stlth   ..........              (no amulet)
HPRegen 0.00/turn               (no ring)
MPRegen 0.11/turn               (no ring)

@: mighty, inhibited regen
A: claws 1, cold resistance 1, negative energy resistance 3, inhibited
regeneration, torment resistance 2
a: Renounce Religion


You were on level 5 of the Dungeon.
You worshipped Xom.
You were Xom's teddy bear.
You visited 1 branch of the dungeon, and saw 5 of its levels.

You collected 233 gold pieces.

Inventory:

Hand Weapons
 a - a +2 vorpal dagger (weapon)
Missiles
 i - 4 silver boomerangs (quivered)
Armour
 h - a +3 ring mail (worn)
 r - a +2 pair of boots (worn)
Wands
 k - a wand of polymorph (10)
Scrolls
 d - 2 scrolls of enchant weapon
 f - 3 scrolls of identify
 n - 4 scrolls of teleportation
Potions
 b - a potion of invisibility {unknown}
 e - a potion of attraction {unknown}
 g - a potion of might


   Skills:
 + Level 15.1 Fighting
 - Level 1.7 Armour
 - Level 12.6 Dodging
 - Level 3.2 Unarmed Combat


You had 9 spell levels left.
You didn't know any spells.
Your spell library contained the following spells:

 Spells                   Type           Power      Damage    Failure   Level
 Magic Dart               Conj           0%         1d3       58%         1
 Call Imp                 Summ           0%         N/A       75%         2
 Ensorcelled Hibernation  Hex/Ice        0%         N/A       75%         2
 Static Discharge         Conj/Air       0%         N/A       75%         2
 Mephitic Cloud           Conj/Pois/Air  0%         N/A       92%         3
 Dispel Undead            Necr           0%         3d6       100%        4
 Sticky Flame             Conj/Fire      0%         2d3       100%        4
 Spider Form              Tmut/Pois      Unusable   N/A       N/A         3

Dungeon Overview and Level Annotations

Branches:
Dungeon (5/15)
 Temple: D:4-7

Altars:
Elyvilon
Xom


Innate Abilities, Weirdness & Mutations

You thrive by killing the living.
You are immune to poison.
You have sharp fingernails.
Your flesh is cold resistant. (rC+)
You are immune to negative energy. (rN+++)
You do not regenerate when monsters are visible.
You are immune to unholy pain and torment.


Message History

You see here a +0 scale mail.
The centaur shoots an arrow.
The arrow hits you but does no damage.
You open the door. The orc hits you with a +0 flail.
The orc wizard mumbles some strange words.
The orc wizard flickers and vanishes!
Deactivating autopickup; reactivate with Ctrl-A.
There is an open door here.
The centaur shoots an arrow.
The arrow hits you!
* * * LOW HITPOINT WARNING * * *
The centaur shoots an arrow.
The arrow hits you.
* * * LOW HITPOINT WARNING * * *
The centaur shoots an arrow.
The arrow misses you.
The centaur shoots an arrow.
The arrow barely misses you.
There is an open door here. "Go forth and destroy!"
You feel more experienced!
Your Fighting skill gained 9 levels and is now at level 15!
Your Dodging skill gained 8 levels and is now at level 12!
Training target 5.0 for Dodging reached!
You have reached level 8!
You have reached level 9!
Your experience leads to an increase in your attributes!
Increase (S)trength, (I)ntelligence, or (D)exterity?
You feel stronger. x2
You have reached level 10!
You feel stronger.
The centaur shoots an arrow.
The arrow barely misses you.
The centaur shoots an arrow.
The arrow hits you!
* * * LOW HITPOINT WARNING * * *
Clearing level map.
Clearing level map.
You close the door.
An orc opens the door.
The centaur shoots an arrow.
The arrow hits you but does no damage.
You feel very mighty all of a sudden.
The centaur shoots an arrow.
The arrow hits you!
* * * LOW HITPOINT WARNING * * *
The centaur shoots an arrow.
The arrow hits you but does no damage.
The centaur shoots an arrow.
The arrow hits you!
You die...
Xom thinks this is hilarious!

...... ...... ###################
.....# ###...#..............
.....# #.......#............
.....# #...<...#............
.....# #.......#............
.....# #.......#............
.....#########.....##............
.............#..@..##############
.............#.....#.........+...
.............#..o..'.........#...
.............#.c...#.........#...
.............###c####........#...
########.....#.{...###########...
# #.....#..o..## #... #
#.....#......# #...
#.....#..o...# #...


You could see 2 centaurs and 2 orcs.

Vanquished Creatures
  An orc warrior (D:4)
  An ice beast (D:5)
  A kobold brigand (D:4)
  2 scorpions (D:4)
  A hound (D:5)
  A hound skeleton (D:4)
  An adder (D:2)
  5 worms
  2 dart slugs
  9 orcs
  5 ball pythons
  7 endoplasms
  A giant cockroach (D:1)
  7 goblins
  7 hobgoblins
  4 jackals (D:2)
  2 quokkas
  2 bats (D:3)
  5 frilled lizards
  5 kobolds
  7 rats
76 creatures vanquished.

Vanquished Creatures (others)
  A plant (D:4)
1 creature vanquished.

Grand Total: 77 creatures vanquished

Notes
Turn   | Place    | Note
-------+----------+-------------------------------------------
     0 | D:1      | oldriver the Ghoul Chaos Knight began the quest for the
                  | Orb.
     0 | D:1      | Reached XP level 1. HP: 19/19 MP: 0/0
    42 | D:1      | Reached skill level 1 in Dodging
    60 | D:1      | XOM: silly message
   276 | D:1      | Found a faded altar of an unknown god.
   280 | D:1      | Reached XP level 2. HP: 24/26 MP: 1/1
   658 | D:1      | XOM: scenery: summon butterflies
   661 | D:1      | Reached XP level 3. HP: 33/33 MP: 2/2
   680 | D:1      | Reached skill level 4 in Fighting
  1025 | D:1      | XOM: scenery: summon butterflies
  1117 | D:2      | XOM: cleaving
  1170 | D:2      | XOM: 4-stop teleportation journey
  1198 | D:2      | XOM: god gift: scroll labelled SICECO BEFOHY {god gift}
  1206 | D:2      | XOM: cleaving
  1222 | D:2      | XOM is BORED!
  1222 | D:2      | XOM: summons 2 hostile demons
  1327 | D:2      | XOM: scenery: 1 doors close
  1539 | D:2      | XOM: 5-stop teleportation journey
  1595 | D:2      | Reached XP level 4. HP: 39/41 MP: 3/3
  2290 | D:3      | XOM: noise
  2767 | D:4      | Noticed a scorpion
  2855 | D:4      | Noticed a scorpion
  2855 | D:4      | XOM: enchant monster (good)
  2867 | D:4      | Killed a scorpion
  2868 | D:4      | Reached skill level 5 in Fighting
  2868 | D:4      | Reached XP level 5. HP: 40/48 MP: 4/4
  2917 | D:4      | Noticed a kobold brigand
  2948 | D:4      | Killed a kobold brigand
  3120 | D:4      | Reached XP level 6. HP: 38/57 MP: 5/5
  3262 | D:4      | XOM: scenery: create altars
  3405 | D:4      | Noticed an orc warrior
  3813 | D:4      | XOM: summons 2 friendly demons
  4086 | D:4      | XOM: destruction
  4096 | D:4      | Killed an orc warrior
  4097 | D:4      | Reached skill level 6 in Fighting
  4228 | D:5      | Entered Level 5 of the Dungeon
  4274 | D:5      | XOM: divination: detect items
  4367 | D:5      | Noticed an ice beast
  4409 | D:5      | Killed an ice beast
  4410 | D:5      | Reached XP level 7. HP: 45/64 MP: 6/6
  4559 | D:5      | XOM: scenery: 1 doors close
  4568 | D:5      | XOM: god gift: scale mail {god gift}
  4588 | D:5      | XOM: potion effect (experience)
  4588 | D:5      | Reached skill level 15 in Fighting
  4588 | D:5      | Reached XP level 8. HP: 21/91 MP: 7/7
  4588 | D:5      | Reached XP level 9. HP: 23/97 MP: 8/8
  4588 | D:5      | Reached XP level 10. HP: 24/105 MP: 9/9
  4593 | D:5      | Shot with an arrow by a centaur

Illustrated notes

Levels and vault maps discovered:
D:1:      amcnicky_arrival_choice, layout_basic,
          ebering_ecumenical_altar_sacrificial
D:2:      layout_rooms, dk_noncrumbling_2
D:3:      layout_loops_ring, elyvilon_altar_1, nicolae_wormholes
D:4:      layout_cave_pools, minmay_temple_entry_gardened_gates
D:5:      layout_gridville, mainiacjoe_overflow_catwalk_spiral, uniq_duvessa

Skill      XL: |  1  2  3  4  5  6  7 |
---------------+----------------------+-----
Dodging        | 1 2 3 4 12 | 12.6
Fighting       | 4 5 6 15 | 15.1
Armour         | |  1.7
Unarmed Combat | |  3.2

Action                   |  1- 3 |  4- 6 |  7- 9 | 10-12 || total
-------------------------+-------+-------+-------+-------++-------
Melee: Unarmed           |   147 |   147 |       |       ||   294
       Punch             |     1 |     2 |       |       ||     3
       Dagger            |       |    27 |    10 |       ||    37
  Use: Scroll            |       |     9 |       |       ||     9
       Potion            |       |       |       |     1 ||     1
Armor: Leather armour    |     9 |       |       |       ||     9
       Ring mail         |    53 |    55 |    22 |     2 ||   132
Dodge: Dodged            |    84 |    77 |    27 |     1 ||   189

Table legend: (Time is in decaauts)
 A = Elapsed time spent in this place.
 B = Non-inter-level travel time spent in this place.
 C = Inter-level travel time spent in this place.
 D = Time resting spent in this place.
 E = Time spent auto-exploring this place.
 F = Levels seen in this place.
 G = Mean time per level.
                   A        B        C        D        E       F      G
               +--------+--------+--------+--------+--------+-----+--------+
         Total |   4579 |   4042 |    537 |    694 |   2585 |   5 |  915.8 |
       Dungeon |   4579 |   4042 |    537 |    694 |   2585 |   5 |  915.8 |
               +--------+--------+--------+--------+--------+-----+--------+

Top non-repeatable levels by time:
     D:1: 1330 daAuts
     D:3: 1327 daAuts
     D:4: 865 daAuts
     D:2: 692 daAuts
     D:5: 363 daAuts
